 Dungeon Crawl Stone Soup version 0.29.0-4-gdea44cf6ec (webtiles) character file.

Game seed: 7735598679367886240

319 Godmorgon the Tainter (level 6, -3/44 HPs)
             Began as a Gnoll Wanderer on Aug 26, 2022.
             Splashed by a jelly's acid (8 damage)
             ... on level 4 of the Dungeon.
             The game lasted 00:36:55 (3673 turns).

Godmorgon the Tainter (Gnoll Wanderer)              Turns: 3673, Time: 00:36:56

Health: -3/44      AC:  0    Str: 17    XL:     6   Next: 46%
Magic:  11/11      EV: 12    Int: 10    God:
Gold:   194        SH:  0    Dex: 12    Spells: 11/12 levels left

rFire   . . .      SeeInvis .   a - +2 dagger (venom)
rCold   . . .      Faith    .   (no shield)
rNeg    . . .      Spirit   .   v - +0 troll leather armour {Pargi}
rPois   .          Reflect  .   (no helmet)
rElec   .          Harm     .   u - +0 cloak
rCorr   .          Rampage  .   i - +1 pair of gloves {Str+3}
Will    .....                   (no boots)
Stlth   ++........              (no amulet)
HPRegen 0.94/turn               (no ring)
MPRegen 0.12/turn               (no ring)

@: corroded
A: fangs 1, strong nose, distributed training
a: no special abilities


You were on level 4 of the Dungeon.
You visited 1 branch of the dungeon, and saw 4 of its levels.
You also visited: Sewer.

You collected 194 gold pieces.

Inventory:

Hand Weapons
 a - a +2 dagger of venom (weapon)
 b - a +1 short sword of speed
 k - a +2 spear
 m - a +0 sling
Missiles
 f - 30 stones
 q - 4 boomerangs (quivered)
 w - 6 poisoned darts
Armour
 g - a +0 ring mail
 i - a +1 pair of gloves of strength (worn)
 u - a +0 cloak (worn)
 v - a +0 troll leather armour (worn) {Pargi}
Magical Staves
 p - a staff of air
Wands
 r - a wand of polymorph (5)
Scrolls
 c - 2 scrolls of summoning
 e - a scroll of teleportation {unknown}
 h - a scroll of vulnerability
 l - 2 scrolls of enchant armour {unknown}
 n - 4 scrolls of poison
 o - a scroll of noise {unknown}
 s - a scroll of magic mapping {unknown}
 t - a scroll of fear {unknown}
Potions
 d - a potion of lignification {unknown}
 j - 3 potions of curing {unknown}
 x - a potion of degeneration {unknown}
 z - a potion of magic {unknown}


   Skills:
 + Level 2.0 Fighting
 + Level 2.0 Short Blades
 + Level 2.0 Long Blades
 + Level 2.0 Axes
 + Level 2.0 Maces & Flails
 + Level 5.0 Polearms
 + Level 2.0 Staves
 + Level 2.0 Ranged Weapons
 + Level 2.0 Throwing
 + Level 2.0 Armour
 + Level 2.0 Dodging
 + Level 2.0 Stealth
 + Level 2.0 Shields
 + Level 2.0 Unarmed Combat
 + Level 3.5 Spellcasting
 + Level 1.6 Conjurations
 + Level 1.6 Hexes
 + Level 1.6 Summonings
 + Level 1.6 Necromancy
 + Level 1.6 Translocations
 + Level 1.6 Transmutations
 + Level 1.6 Fire Magic
 + Level 1.6 Ice Magic
 + Level 1.6 Air Magic
 + Level 1.6 Earth Magic
 + Level 8.9 Poison Magic
 + Level 2.2 Invocations
 + Level 5.0 Evocations


You had 11 spell levels left.
You knew the following spells:

 Your Spells              Type           Power      Damage    Failure   Level
a - Sting                 Tmut/Pois      48%        1d5       3%          1

Your spell library contained the following spells:

 Spells                   Type           Power      Damage    Failure   Level
 Mephitic Cloud           Conj/Pois/Air  9%         N/A       19%         3
 Gell's Gravitas          Tloc           5%         N/A       43%         3
 Lesser Beckoning         Tloc           5%         N/A       43%         3
 Teleport Other           Tloc           5%         N/A       43%         3


Dungeon Overview and Level Annotations

Branches:
Dungeon (4/15)              Sewer (visited)
 Temple: D:4-7

Altars:
Kikubaaqudgha
Makhleb
Sif Muna
Wu Jian


Innate Abilities, Weirdness & Mutations

You have very sharp teeth.
Your uncanny sense of smell can sniff out nearby items.
Your experience applies equally to all skills.


Message History

The jelly hits you.
You are splashed with acid!
You hit the jelly.
Your hands burn!
The jelly is heavily wounded.
You hit the jelly but do no damage.
Your hands burn!
The jelly is heavily wounded.
The jelly hits you. The acid corrodes you!
You are splashed with acid!
You hit the jelly but do no damage.
The jelly is poisoned.
Your hands burn!
The jelly is heavily wounded.
The jelly closely misses you.
You hit the jelly but do no damage.
The jelly looks even sicker.
Your hands burn!
The jelly is heavily wounded.
The jelly closely misses you.
You hit the jelly.
Your hands burn!
* * * LOW HITPOINT WARNING * * *
You bite the jelly.
The jelly is severely wounded.
The jelly hits you.
* * * LOW HITPOINT WARNING * * *
You are splashed with acid!
* * * LOW HITPOINT WARNING * * *
Okay, then.
Okay, then.
Throw: 4 boomerangs
Press: ? - help, Q - select action, (/) - cycle Shift-Dir - straight line, f - jelly
Aim: a jelly (severely wounded, very poisoned, 89% to hit)
You throw a boomerang. The boomerang hits the jelly.
The jelly is almost dead.
The jelly closely misses you.
Throw: 4 boomerangs
Press: ? - help, Q - select action, (/) - cycle Shift-Dir - straight line, f/p - jelly
Aim: a jelly (almost dead, very poisoned, 89% to hit)
You throw a boomerang. The goblin shouts!
The boomerang hits the jelly.
The jelly is almost dead.
The jelly hits you.
* * * LOW HITPOINT WARNING * * *
You are splashed with acid!
You die...

..........# ##
.......... ..
.....#..#.#.##
#........ >.. .
.............
#....#.#....
####..........#
......†@J......
.....#.........
... ...........
. ...##........
..... #........
.... ###......
... ####.g ...
.#


You could see a jelly (very poisoned) and a goblin.

Vanquished Creatures
  Pargi (Sewer)
  A phantom (D:3)
  3 gnolls (D:2)
  3 adders
  4 worms (D:3)
  A dart slug (D:1)
  3 endoplasms
  7 giant cockroaches
  5 goblins
  14 hobgoblins
  4 jackals
  4 quokkas
  3 ball pythons
  9 bats
  6 frilled lizards
  5 kobolds
  10 rats
83 creatures vanquished.

Notes
Turn   | Place    | Note
-------+----------+-------------------------------------------
     0 | D:1      | Godmorgon the Gnoll Wanderer began the quest for the Orb.
     0 | D:1      | Godmorgon set off with the following items: a +2 spear, a
                  | wand of polymorph (5), a scroll of summoning, a +0 leather
                  | armour; and the following spell memorised: Sting; and the
                  | following spells available to memorise: Mephitic Cloud.
     0 | D:1      | Reached XP level 1. HP: 13/13 MP: 4/4
   147 | D:1      | Reached XP level 2. HP: 17/19 MP: 5/5
   477 | D:1      | Reached XP level 3. HP: 25/25 MP: 5/7
   658 | D:1      | Found a faded altar of an unknown god.
   658 | D:1      | Noticed a hell beast
   950 | D:2      | Reached skill level 1 in Invocations
  1222 | D:2      | Reached skill level 1 in Fighting
  1222 | D:2      | Reached skill level 1 in Short Blades
  1222 | D:2      | Reached skill level 1 in Long Blades
  1222 | D:2      | Reached skill level 1 in Axes
  1222 | D:2      | Reached skill level 1 in Maces & Flails
  1222 | D:2      | Reached skill level 1 in Staves
  1222 | D:2      | Reached skill level 1 in Ranged Weapons
  1222 | D:2      | Reached skill level 1 in Throwing
  1222 | D:2      | Reached skill level 1 in Armour
  1222 | D:2      | Reached skill level 1 in Dodging
  1222 | D:2      | Reached skill level 1 in Stealth
  1222 | D:2      | Reached skill level 1 in Shields
  1222 | D:2      | Reached skill level 1 in Unarmed Combat
  1783 | D:2      | Reached XP level 4. HP: 23/32 MP: 6/8
  1824 | D:2      | Reached skill level 1 in Conjurations
  1824 | D:2      | Reached skill level 1 in Hexes
  1824 | D:2      | Reached skill level 1 in Summonings
  1824 | D:2      | Reached skill level 1 in Necromancy
  1824 | D:2      | Reached skill level 1 in Translocations
  1824 | D:2      | Reached skill level 1 in Transmutations
  1824 | D:2      | Reached skill level 1 in Fire Magic
  1824 | D:2      | Reached skill level 1 in Ice Magic
  1824 | D:2      | Reached skill level 1 in Air Magic
  1824 | D:2      | Reached skill level 1 in Earth Magic
  2281 | D:3      | Identified a scroll of acquirement
  2288 | D:3      | Acquired a +1 pair of gloves of strength
  2502 | D:3      | Noticed a phantom
  2521 | D:3      | Killed a phantom
  2522 | D:3      | Reached XP level 5. HP: 32/37 MP: 9/9
  2714 | D:3      | Found a glowing drain.
  2761 | Sewer    | Entered a sewer
  2803 | Sewer    | Noticed Pargi
  2813 | Sewer    | Killed Pargi
  2814 | Sewer    | Reached skill level 5 in Polearms
  2814 | Sewer    | Reached skill level 5 in Evocations
  2814 | Sewer    | Reached XP level 6. HP: 41/44 MP: 9/11
  3134 | D:3      | Found an ancient bone altar of Kikubaaqudgha.
  3429 | D:3      | Found an ornate altar of the Wu Jian Council.
  3430 | D:3      | Found a shimmering blue altar of Sif Muna.
  3430 | D:3      | Found a burning altar of Makhleb.
  3673 | D:4      | Splashed by a jelly's acid

Illustrated notes

Levels and vault maps discovered:
D:1:      nicolae_arrival_washed_ashore, layout_basic,
          dreamdust_ecumenical_altar_sealed_demon
D:2:      layout_loops_corners
D:3:      minmay_spotlight, layout_loops_ring,
          mainiacjoe_overflow_surrounded_room,
          gammafunk_temple_overflow_forgotten, gup_sewer_entry_spiral
D:4:      layout_basic, minmay_pentomino_pile, uniq_duvessa, uniq_blork_the_orc

Skill      XL: |  1  2  3  4  5 |
---------------+----------------+-----
Invocations    | 1 2 |  2.2
Fighting       | 1 2 |  2.0
Short Blades   | 1 2 |  2.0
Long Blades    | 1 2 |  2.0
Axes           | 1 2 |  2.0
Maces & Flails | 1 2 |  2.0
Staves         | 1 2 |  2.0
Ranged Weapons | 1 2 |  2.0
Throwing       | 1 2 |  2.0
Armour         | 1 2 |  2.0
Dodging        | 1 2 |  2.0
Stealth        | 1 2 |  2.0
Shields        | 1 2 |  2.0
Unarmed Combat | 1 2 |  2.0
Spellcasting   | 3 |  3.5
Conjurations   | 1 |  1.6
Hexes          | 1 |  1.6
Summonings     | 1 |  1.6
Necromancy     | 1 |  1.6
Translocations | 1 |  1.6
Transmutations | 1 |  1.6
Fire Magic     | 1 |  1.6
Ice Magic      | 1 |  1.6
Air Magic      | 1 |  1.6
Earth Magic    | 1 |  1.6
Polearms       | 5 |  5.0
Evocations     | 5 |  5.0
Poison Magic   | |  8.9

Action                   |  1- 3 |  4- 6 || total
-------------------------+-------+-------++-------
Melee: Spear             |    65 |       ||    65
       Bite              |     5 |    15 ||    20
       Short sword       |    40 |    58 ||    98
       Punch             |     2 |     3 ||     5
       Dagger            |       |    74 ||    74
Throw: Boomerang         |       |    14 ||    14
 Cast: Sting             |    30 |     9 ||    39
  Use: Scroll            |       |     4 ||     4
 Stab: Sleeping          |       |     3 ||     3
Armor: Leather armour    |     2 |       ||     2
       Ring mail         |    34 |    35 ||    69
       Troll leather arm |       |    13 ||    13
Dodge: Dodged            |    50 |    49 ||    99
